[Event "RUS-chT Rapid Men 2018"]
[Site "Sochi"]
[Date "2018.10.08"]
[Round "1"]
[White "Potkin, Vladimir"]
[Black "Kozak, Alexander"]
[Result "1-0"]
[ECO "A27"]
[WhiteElo "2597"]
[BlackElo "2262"]
[Annotator "ChessBase"]
[PlyCount "59"]
[EventDate "2018.10.05"]
[EventType "swiss"]
[EventCountry "RUS"]
[SourceTitle "playchess.com"]
[Source "ChessBase"]
[SourceQuality "1"]
[TimeControl "900+10"]

1. c4 e5 2. Nc3 Nc6 3. Nf3 g6 4. d4 exd4 5. Nxd4 Bg7 6. Nxc6 bxc6 7. g3 Ne7 8. Bg2 O-O 9. O-O d6 10. Qc2 Be6 11. b3 Qd7 12. Bb2 Bh3 13. Ne4 Bxg2 14. Kxg2 Qe6 15. Bxg7 Kxg7 16. Qc3+ f6 17. Ng5 Qf5 18. f4 Kg8 19. e4 Qd7 20. Nf3 c5 21. Rae1 Rae8 22. e5 fxe5 23. fxe5 Nf5 24. Qd3 Qc6 25. Qe4 Qxe4 26. Rxe4 Re7 27. Rfe1 Rfe8 28. g4 Nd4 29. Nxd4 cxd4 30. exd6 1-0

[Event "RUS-chT Rapid Men 2018"]
[Site "Sochi"]
[Date "2018.10.08"]
[Round "1"]
[White "Kryakvin, Dmitry"]
[Black "Babayan, Arman S."]
[Result "1-0"]
[ECO "D55"]
[WhiteElo "2595"]
[BlackElo "1673"]
[Annotator "ChessBase"]
[PlyCount "71"]
[EventDate "2018.10.05"]
[EventType "swiss"]
[EventCountry "RUS"]
[SourceTitle "playchess.com"]
[Source "ChessBase"]
[SourceQuality "1"]
[TimeControl "900+10"]

1. d4 d5 2. c4 e6 3. Nf3 Nf6 4. Nc3 Be7 5. Bg5 O-O 6. e3 b6 7. Rc1 Bb7 8. Bxf6 Bxf6 9. cxd5 exd5 10. Bd3 c6 11. O-O Nd7 12. b4 Rc8 13. Qb3 Be7 14. b5 Nf6 15. bxc6 Rxc6 16. Ne5 Rc8 17. Bf5 Ra8 18. Rc2 g6 19. Bh3 Bd6 20. Rfc1 Re8 21. f4 Bxe5 22. dxe5 Ne4 23. Nxe4 dxe4 24. Rc7 Bd5 25. Qa4 Be6 26. Bxe6 Rxe6 27. Qxe4 Re8 28. h3 Qd2 29. R7c2 Qd7 30. Qc6 Qd3 31. Rc3 Qd2 32. R1c2 Qd1+ 33. Kh2 Rad8 34. Qb7 h5 35. Rc7 Rf8 36. e6 1-0

[Event "RUS-chT Rapid Men 2018"]
[Site "Sochi"]
[Date "2018.10.08"]
[Round "1"]
[White "Bocharov, Dmitry"]
[Black "Dudin, Gleb"]
[Result "1-0"]
[ECO "A13"]
[WhiteElo "2557"]
[BlackElo "2178"]
[Annotator "ChessBase"]
[PlyCount "45"]
[EventDate "2018.10.05"]
[EventType "swiss"]
[EventCountry "RUS"]
[SourceTitle "playchess.com"]
[Source "ChessBase"]
[SourceQuality "1"]
[TimeControl "900+10"]

1. c4 e6 2. Nf3 Nf6 3. g3 d5 4. Bg2 c6 5. b3 Bd6 6. Bb2 Nbd7 7. d4 O-O 8. O-O Qe7 9. Nc3 e5 10. dxe5 Nxe5 11. cxd5 Rd8 12. Nd4 cxd5 13. Rc1 a6 14. Qc2 Be6 15. Nf5 Bxf5 16. Qxf5 g6 17. Qg5 d4 18. Na4 b5 19. Bxa8 Rxa8 20. Nb6 Rb8 21. Nc8 Qe6 22. Nxd6 Qxd6 23. Bxd4 1-0

[Event "RUS-chT Rapid Men 2018"]
[Site "Sochi"]
[Date "2018.10.08"]
[Round "1"]
[White "Moiseenko, Vadim"]
[Black "Kharitonov, Egor"]
[Result "1-0"]
[ECO "B23"]
[WhiteElo "2492"]
[BlackElo "2387"]
[Annotator "ChessBase"]
[PlyCount "76"]
[EventDate "2018.10.05"]
[EventType "swiss"]
[EventCountry "RUS"]
[SourceTitle "playchess.com"]
[Source "ChessBase"]
[SourceQuality "1"]
[TimeControl "900+10"]

1. e4 c5 2. Nc3 a6 3. f4 b5 4. Nf3 Bb7 5. d3 e6 6. g3 Be7 7. Bg2 Nc6 8. O-O d6 9. Be3 Nf6 10. h3 Qc7 11. a3 Rd8 12. g4 d5 13. exd5 Nxd5 14. Nxd5 Rxd5 15. Qe1 O-O 16. Rd1 Rdd8 17. Qf2 Nd4 18. Rde1 Nxf3+ 19. Bxf3 Bxf3 20. Qxf3 Bf6 21. Bc1 c4 22. dxc4 Qxc4 23. Re2 Rd5 24. Kh2 Rfd8 25. Rg2 Qc7 26. c3 Qd6 27. Be3 Rd3 28. Qe4 Qd5 29. Qxd5 R8xd5 30. Re2 h6 31. Kg2 a5 32. Rc1 Kh7 33. Kf3 Kg6 34. Ke4 Be7 35. f5+ Kh7 36. fxe6 fxe6 37. Rf1 Kg6 38. Rf3 Bf6 1-0

[Event "RUS-chT Rapid Men 2018"]
[Site "Sochi"]
[Date "2018.10.08"]
[Round "1"]
[White "Hasangatin, Ramil"]
[Black "Uzhva, Andrey"]
[Result "1-0"]
[ECO "A48"]
[WhiteElo "2485"]
[BlackElo "2270"]
[Annotator "RC"]
[PlyCount "75"]
[EventDate "2018.10.05"]
[EventType "swiss"]
[EventCountry "RUS"]
[SourceTitle "playchess.com"]
[Source "ChessBase"]
[SourceQuality "1"]
[TimeControl "900+10"]

1. d4 Nf6 2. Nf3 g6 3. Nc3 d5 4. Bf4 Bg7 5. Nb5 Na6 6. e3 c6 7. Nc3 Qa5 8. Nd2 b5 9. Be2 Nd7 10. Nb3 Qd8 11. a4 b4 12. Na2 e5 13. Bg3 Qe7 14. O-O Rb8 15. Re1 O-O 16. Qd2 Nc7 17. Bf3 f5 18. Na5 Rb6 19. c3 bxc3 20. Qxc3 Qf6 21. h3 Ne6 22. Nxc6 e4 23. Bd1 f4 24. exf4 Nxf4 25. Nab4 Bb7 26. Rc1 Bxc6 27. Nxc6 Nd3 28. Bb3 Qg5 29. h4 Qh5 30. Bxd5+ Kh8 31. Bxe4 Nxe1 32. Rxe1 Nf6 33. Bf3 Qh6 34. a5 Rb5 35. Ne5 Nh5 36. Qc4 Nxg3 37. Qxb5 Nf5 38. Qd5 1-0

[Event "RUS-chT Rapid Men 2018"]
[Site "Sochi"]
[Date "2018.10.08"]
[Round "1"]
[White "Apryshko, Gleb"]
[Black "Grigoriants, Boris"]
[Result "1-0"]
[ECO "C47"]
[WhiteElo "2399"]
[BlackElo "1914"]
[Annotator "NA"]
[PlyCount "53"]
[EventDate "2018.10.05"]
[EventType "swiss"]
[EventCountry "RUS"]
[SourceTitle "playchess.com"]
[Source "ChessBase"]
[SourceQuality "1"]
[TimeControl "900+10"]

1. e4 e5 2. Nf3 Nc6 3. Nc3 Nf6 4. a3 a6 5. d4 exd4 6. Nxd4 Bc5 7. Nxc6 dxc6 8. Qxd8+ Kxd8 9. Bg5 Be7 10. O-O-O+ Ke8 11. Bf4 Ng4 12. Rd2 Bd6 13. Bxd6 cxd6 14. f3 Ne5 15. Rxd6 Be6 16. f4 Ng4 17. Be2 Ne3 18. f5 Bc4 19. Kd2 Ke7 20. Kxe3 Bxe2 21. e5 Bg4 22. Kf4 h5 23. h3 g5+ 24. Ke4 Bxh3 25. f6+ Kf8 26. gxh3 Kg8 27. Rd7 1-0

[Event "RUS-chT Rapid Men 2018"]
[Site "Sochi"]
[Date "2018.10.08"]
[Round "1"]
[White "Remizov, Yaroslav"]
[Black "Cherenkov, Andrey"]
[Result "1/2-1/2"]
[ECO "B14"]
[WhiteElo "2315"]
[BlackElo "2226"]
[Annotator "NA RC"]
[PlyCount "87"]
[EventDate "2018.10.05"]
[EventType "swiss"]
[EventCountry "RUS"]
[SourceTitle "playchess.com"]
[Source "ChessBase"]
[SourceQuality "1"]
[TimeControl "900+10"]

1. e4 c6 2. d4 d5 3. exd5 cxd5 4. c4 Nf6 5. Nc3 $11 {[%emt 0:00:00] LiveBook: 9103 Games} g6 6. Qb3 Bg7 7. cxd5 O-O 8. Be2 Nbd7 9. Bf3 Nb6 10. Nge2 Bg4 11. Bxg4 Nxg4 12. O-O Qd7 13. Bg5 Rfd8 14. h3 Nf6 15. Rfe1 Nfxd5 16. Nxd5 Nxd5 17. Nc3 Bxd4 18. Nxd5 Qxd5 19. Bxe7 Qxb3 20. axb3 Rdc8 21. Re2 Rc7 22. Rd1 Bxb2 23. Bd6 Rc1 24. Rxc1 Bxc1 25. Re7 b6 26. Be5 Ba3 27. Rb7 Bc5 28. Bb8 a5 29. Ba7 Rd8 30. Bxb6 Rd1+ 31. Kh2 Bb4 32. Ra7 Rd5 33. g3 Kg7 34. Kg2 Kf6 35. Kf3 Ke6 36. g4 h5 37. Ra8 Rd3+ 38. Kg2 hxg4 39. hxg4 Rxb3 40. Ra6 Kd5 41. Ra7 Kc6 42. Bxa5 Bxa5 43. Rxa5 Kd6 44. f3 {[%emt 0:00:06] Ke5} 1/2-1/2

[Event "RUS-chT Rapid Men 2018"]
[Site "Sochi"]
[Date "2018.10.08"]
[Round "1"]
[White "Taysayev, Timur"]
[Black "Usmanov, Vasily"]
[Result "1-0"]
[ECO "B57"]
[WhiteElo "2225"]
[BlackElo "2453"]
[Annotator "ChessBase"]
[PlyCount "61"]
[EventDate "2018.10.05"]
[EventType "swiss"]
[EventCountry "RUS"]
[SourceTitle "playchess.com"]
[Source "ChessBase"]
[SourceQuality "1"]
[TimeControl "900+10"]

1. e4 c5 2. Nf3 Nc6 3. d4 cxd4 4. Nxd4 Nf6 5. Nc3 d6 6. Bc4 Bd7 7. Bb3 g6 8. f3 Bg7 9. Be3 a6 10. Qd2 Rc8 11. O-O-O Na5 12. Bh6 O-O 13. h4 Nc4 14. Bxc4 Rxc4 15. Bxg7 Kxg7 16. h5 Rh8 17. h6+ Kf8 18. g4 b5 19. Rhe1 b4 20. Nd5 e5 21. Qg5 exd4 22. Nxf6 Qe7 23. Nxd7+ Qxd7 24. Rxd4 Rxd4 25. Qf6 Rc4 26. Qxh8+ Ke7 27. e5 Qc6 28. exd6+ Kd7 29. Re7+ Kxd6 30. Qd8+ Kc5 31. Re5+ {[%emt 0:00:01] Kd5} 1-0

[Event "RUS-chT Rapid Men 2018"]
[Site "Sochi"]
[Date "2018.10.08"]
[Round "1"]
[White "Zhakamukhov, Eduard"]
[Black "Sychev, Klementy"]
[Result "0-1"]
[ECO "C60"]
[WhiteElo "2068"]
[BlackElo "2534"]
[Annotator "ChessBase"]
[PlyCount "56"]
[EventDate "2018.10.05"]
[EventType "swiss"]
[EventCountry "RUS"]
[SourceTitle "playchess.com"]
[Source "ChessBase"]
[SourceQuality "1"]
[TimeControl "900+10"]

1. e4 e5 2. Nf3 Nc6 3. Bb5 g6 4. Bxc6 dxc6 5. d4 exd4 6. Qxd4 Qxd4 7. Nxd4 Bg7 8. c3 Bd7 9. Be3 c5 10. Ne2 b6 11. Na3 Ne7 12. Ng3 O-O-O 13. O-O-O Be6 14. Kb1 h5 15. h4 Nc6 16. f4 Bg4 17. Rxd8+ Rxd8 18. Kc2 a6 19. Nb1 c4 20. e5 Ne7 21. Nd2 Nd5 22. Re1 Bh6 23. Bd4 Nxf4 24. Rf1 Nxg2 25. Nxc4 Be6 26. Na3 Nxh4 27. b4 Ng2 28. Nb1 h4 0-1

[Event "RUS-chT Rapid Men 2018"]
[Site "Sochi"]
[Date "2018.10.08"]
[Round "2"]
[White "Paravyan, David"]
[Black "Moiseenko, Vadim"]
[Result "1/2-1/2"]
[ECO "C01"]
[WhiteElo "2629"]
[BlackElo "2492"]
[Annotator "RC"]
[PlyCount "91"]
[EventDate "2018.10.05"]
[EventType "swiss"]
[EventCountry "RUS"]
[SourceTitle "playchess.com"]
[Source "ChessBase"]
[SourceQuality "1"]
[TimeControl "900+10"]

1. d4 e6 2. e4 d5 3. exd5 exd5 4. Bb5+ c6 5. Bd3 Bd6 6. Nf3 Nf6 7. Qe2+ Qe7 8. Qxe7+ Kxe7 9. O-O Re8 10. Re1+ Kf8 11. Rxe8+ Kxe8 12. Nc3 h6 13. Ne2 Bg4 14. Ne5 Bxe2 15. Bxe2 Nbd7 16. Bf4 g5 17. Nxd7 Kxd7 18. Be3 Re8 19. Bd3 Kc7 20. g3 Ne4 21. g4 Nf6 22. h3 Nd7 23. Kg2 Nf8 24. h4 Ne6 25. Bf5 Ng7 26. hxg5 Nxf5 27. gxf5 hxg5 28. Rh1 f6 29. Rh7+ Re7 30. Rh6 Rf7 31. Kf3 Be7 32. Kg4 Kd7 33. Rh8 Bd8 34. Kh5 Re7 35. Kg6 Re4 36. c3 Rh4 37. Rxd8+ Kxd8 38. Kxf6 Ke8 39. Bxg5 Rh2 40. f4 Kf8 41. Kg6 Rxb2 42. f6 Rg2 43. f7 b6 44. Kf6 Rh2 45. Ke6 Re2+ 46. Kf6 1/2-1/2

[Event "RUS-chT Rapid Men 2018"]
[Site "Sochi"]
[Date "2018.10.08"]
[Round "2"]
[White "Usmanov, Vasily"]
[Black "Savitskiy, Sergey"]
[Result "1-0"]
[ECO "A45"]
[WhiteElo "2453"]
[BlackElo "2413"]
[Annotator "RC"]
[PlyCount "69"]
[EventDate "2018.10.05"]
[EventType "swiss"]
[EventCountry "RUS"]
[SourceTitle "playchess.com"]
[Source "ChessBase"]
[SourceQuality "1"]
[TimeControl "900+10"]

1. d4 Nf6 2. Bg5 Ne4 3. Bf4 c5 4. f3 Nf6 5. d5 g6 6. e4 Bg7 7. Nc3 O-O 8. Qd2 d6 9. g4 a6 10. h4 h5 11. g5 Ne8 12. Bh3 Nd7 13. Bxd7 Bxd7 14. Nge2 b5 15. O-O b4 16. Nd1 a5 17. c4 bxc3 18. bxc3 Nc7 19. a4 c4 20. Nb2 Na6 21. Be3 Qc8 22. Nd4 Nc5 23. Qe2 Qa6 24. Qxc4 Rfb8 25. Rf2 Qxc4 26. Nxc4 Nxa4 27. Nc6 Bxc6 28. dxc6 Nxc3 29. c7 Rb7 30. Nb6 Rxb6 31. Bxb6 a4 32. Rc2 Rc8 33. Ra3 Nb5 34. Rxa4 Kf8 35. Ra8 1-0

[Event "RUS-chT Rapid Men 2018"]
[Site "Sochi"]
[Date "2018.10.08"]
[Round "2"]
[White "Gogolev, Artem"]
[Black "Antipov, Mikhail Al."]
[Result "0-1"]
[ECO "D10"]
[WhiteElo "2389"]
[BlackElo "2593"]
[Annotator "ChessBase"]
[PlyCount "68"]
[EventDate "2018.10.05"]
[EventType "swiss"]
[EventCountry "RUS"]
[SourceTitle "playchess.com"]
[Source "ChessBase"]
[SourceQuality "1"]
[TimeControl "900+10"]

1. c4 c6 2. d4 d5 3. cxd5 cxd5 4. Nc3 Nf6 5. Bf4 Nc6 6. e3 a6 7. Bd3 Bg4 8. Nge2 e6 9. O-O Bd6 10. Bxd6 Bxe2 11. Qxe2 Qxd6 12. Na4 Nd7 13. Rac1 O-O 14. Nc5 Nxc5 15. dxc5 Qe7 16. Rfd1 Rfd8 17. a3 a5 18. b3 g6 19. Qb2 d4 20. exd4 Rxd4 21. Qc3 Rad8 22. Be2 Qg5 23. g3 R8d5 24. Rxd4 Nxd4 25. Bd1 Qd8 26. Bf3 Rf5 27. Rd1 e5 28. Qe3 Rxf3 29. Qxe5 Rxg3+ 30. Kh1 Rg4 31. f4 Rxf4 32. Qxf4 Qd5+ 33. Kg1 Ne2+ 34. Kf2 Nxf4 0-1

[Event "RUS-chT Rapid Men 2018"]
[Site "Sochi"]
[Date "2018.10.08"]
[Round "2"]
[White "Kharitonov, Egor"]
[Black "Ivlev, Aleksey"]
[Result "0-1"]
[ECO "D11"]
[WhiteElo "2387"]
[BlackElo "2326"]
[Annotator "NA"]
[PlyCount "96"]
[EventDate "2018.10.05"]
[EventType "swiss"]
[EventCountry "RUS"]
[SourceTitle "playchess.com"]
[Source "ChessBase"]
[SourceQuality "1"]
[TimeControl "900+10"]

1. d4 d5 2. c4 c6 3. Nf3 Nf6 4. Qc2 g6 5. Bf4 Bg7 6. e3 O-O 7. h3 a6 8. Nc3 b5 9. cxd5 cxd5 10. Be2 Bf5 11. Qb3 Nc6 12. O-O Na5 13. Qd1 Nc4 14. b3 Nb6 15. a3 Qd7 16. Ne5 Qb7 17. Rc1 Rfc8 18. Nd3 Bxd3 19. Bxd3 e6 20. Be5 Nbd7 21. Bd6 Rc6 22. Be7 Re8 23. Bb4 Rec8 24. Qd2 Bf8 25. Ne2 Rxc1 26. Rxc1 Rxc1+ 27. Nxc1 Bxb4 28. Qxb4 Qc7 29. Ne2 Kg7 30. g3 e5 31. Qc3 Qd6 32. a4 b4 33. Qc8 a5 34. Bb5 exd4 35. Nxd4 Nc5 36. Kg2 Nfe4 37. h4 Nxf2 38. Kxf2 Ne4+ 39. Ke2 Qxg3 40. Kd3 Qe1 41. Qc2 Nf2+ 42. Qxf2 Qxf2 43. Nc6 Qxh4 44. Nxa5 Qe4+ 45. Kd2 h5 46. Nc6 h4 47. Bf1 Qf5 48. Ke2 Qc2+ 0-1

[Event "RUS-chT Rapid Men 2018"]
[Site "Sochi"]
[Date "2018.10.08"]
[Round "2"]
[White "Derjabin, Ilja"]
[Black "Remizov, Yaroslav"]
[Result "1-0"]
[ECO "D01"]
[WhiteElo "2345"]
[BlackElo "2315"]
[Annotator "NA"]
[PlyCount "81"]
[EventDate "2018.10.05"]
[EventType "swiss"]
[EventCountry "RUS"]
[SourceTitle "playchess.com"]
[Source "ChessBase"]
[SourceQuality "1"]
[TimeControl "900+10"]

1. d4 d5 2. Nc3 Nf6 3. Bg5 c6 4. f3 Qb6 5. Qd2 h6 6. Bh4 Bf5 7. O-O-O Nbd7 8. g4 Bh7 9. e3 e5 10. Bd3 Bxd3 11. Qxd3 Bb4 12. a3 e4 13. Qd2 Bxc3 14. Qxc3 exf3 15. Bxf6 Nxf6 16. Nxf3 Ne4 17. Qe1 O-O-O 18. Rf1 f6 19. Rd3 h5 20. gxh5 Rxh5 21. h4 Qc7 22. Rg1 Rf5 23. Qe2 g5 24. hxg5 fxg5 25. Rdd1 Kb8 26. Ne5 Rf2 27. Qg4 c5 28. Rdf1 Rxc2+ 29. Kxc2 cxd4+ 30. Kd3 dxe3 31. Nd7+ Rxd7 32. Rf8+ Rd8 33. Rxd8+ Qxd8 34. Qf5 a6 35. Qe5+ Ka7 36. Qd4+ Qb6 37. Kxe3 a5 38. Qxb6+ Kxb6 39. Kd4 Kc6 40. Rh1 Nc5 41. Rc1 1-0

[Event "RUS-chT Rapid Men 2018"]
[Site "Sochi"]
[Date "2018.10.08"]
[Round "2"]
[White "Uzhva, Andrey"]
[Black "Pingin, Artem"]
[Result "1-0"]
[ECO "D02"]
[WhiteElo "2270"]
[BlackElo "1981"]
[Annotator "NA"]
[PlyCount "105"]
[EventDate "2018.10.05"]
[EventType "swiss"]
[EventCountry "RUS"]
[SourceTitle "playchess.com"]
[Source "ChessBase"]
[SourceQuality "1"]
[TimeControl "900+10"]

1. Nf3 d5 2. d4 Nf6 3. g3 e6 4. Bg2 Be7 5. c4 O-O 6. O-O c6 7. Nc3 Nbd7 8. b3 b6 9. Qc2 Bb7 10. Rd1 Rc8 11. e4 dxe4 12. Nxe4 c5 13. Nxf6+ Bxf6 14. Ng5 Bxg5 15. Bxb7 Rc7 16. dxc5 Bxc1 17. Raxc1 Rxb7 18. c6 Rc7 19. Rxd7 Rxd7 20. cxd7 Qxd7 21. Rd1 Qc6 22. Qd3 h6 23. Qd7 Qf3 24. Rc1 Ra8 25. h4 Qe2 26. Qb7 Rd8 27. Qxa7 Rd2 28. Qxb6 Rxa2 29. Qe3 Qxe3 30. fxe3 Rb2 31. Rc3 Kf8 32. c5 Ke8 33. c6 Kd8 34. Kf1 Kc7 35. Ke1 f6 36. Kd1 g5 37. Kc1 Rf2 38. b4 Rf5 39. Kc2 gxh4 40. gxh4 Rb5 41. Kb3 Rh5 42. Rc4 Re5 43. Ka4 Rxe3 44. b5 Re1 45. b6+ Kxb6 46. c7 Ra1+ 47. Kb3 Ra8 48. c8=Q Rxc8 49. Rxc8 f5 50. Kc4 e5 51. Kd5 e4 52. Kd4 Kb5 53. Rh8 1-0

[Event "RUS-chT Rapid Men 2018"]
[Site "Sochi"]
[Date "2018.10.08"]
[Round "2"]
[White "Nuristani, Iman"]
[Black "Dilmukhametov, Artur"]
[Result "1/2-1/2"]
[ECO "D10"]
[WhiteElo "2242"]
[BlackElo "2353"]
[Annotator "NA RC"]
[PlyCount "147"]
[EventDate "2018.10.05"]
[EventType "swiss"]
[EventCountry "RUS"]
[SourceTitle "playchess.com"]
[Source "ChessBase"]
[SourceQuality "1"]
[TimeControl "900+10"]

1. d4 d5 2. c4 c6 3. cxd5 cxd5 4. Bg5 Qb6 5. Nc3 e6 6. Qd2 Nf6 7. Bxf6 gxf6 8. e3 Nc6 9. Nf3 Bd7 10. Bd3 Na5 11. Qe2 Nc4 12. Bxc4 dxc4 13. O-O Rc8 14. e4 Bg7 15. e5 O-O 16. Ne4 fxe5 17. dxe5 Bc6 18. Ng3 Bxf3 19. gxf3 Qd4 20. Rfe1 Rc5 21. Qe4 Rxe5 22. Qxb7 Rxe1+ 23. Rxe1 Qxb2 24. Qc6 Qxa2 25. Ne4 Qb3 26. Kg2 c3 27. Re3 Qd5 28. Qc7 Kh8 29. Nxc3 Qg5+ 30. Kh1 Bd4 31. Ne4 Qf5 32. Qd6 Bg7 33. Ng3 Qb5 34. Kg2 h5 35. Rc3 Qg5 36. Rc5 e5 37. h4 Qxh4 38. Rxe5 f5 39. Re7 Qg5 40. Re6 Rf6 41. Rxf6 Bxf6 42. Qf8+ Kh7 43. Qf7+ Bg7 44. Kh2 Qh4+ 45. Kg2 Qg5 46. Kh2 Qg6 47. Qxa7 h4 48. Ne2 Qd6+ 49. Kg2 Qd1 50. Ng1 Qd6 51. Nh3 Qg6+ 52. Kh2 Qd6+ 53. Kg2 Kg6 54. Qe3 Bh6 55. Qe8+ Kf6 56. Qh5 Qd2 57. Qxh4+ Ke6 58. Qh5 Kf6 59. Qh4+ Kg6 60. Qc4 Qd8 61. Qe6+ Qf6 62. Qxf6+ Kxf6 63. f4 Ke6 64. Kf3 Kd5 65. Ng5 Bg7 66. Nf7 Bd4 67. Ng5 Bc5 68. Nh3 Bd4 69. Ng1 Bf6 70. Ne2 Ke6 71. Ke3 Kd5 72. Ng3 Bd4+ 73. Kf3 Ke6 74. Ne2 {[%emt 0:00:15] Ke5} 1/2-1/2

[Event "RUS-chT Rapid Men 2018"]
[Site "Sochi"]
[Date "2018.10.08"]
[Round "2"]
[White "Kretov, Evgenij"]
[Black "Zhakamukhov, Eduard"]
[Result "1-0"]
[ECO "E73"]
[WhiteElo "2219"]
[BlackElo "2068"]
[Annotator "NA"]
[PlyCount "95"]
[EventDate "2018.10.05"]
[EventType "swiss"]
[EventCountry "RUS"]
[SourceTitle "playchess.com"]
[Source "ChessBase"]
[SourceQuality "1"]
[TimeControl "900+10"]

1. d4 Nf6 2. c4 g6 3. Nc3 Bg7 4. e4 d6 5. Be2 O-O 6. Bg5 h6 7. Be3 e5 8. d5 a5 9. Qd2 Kh7 10. O-O-O Na6 11. h4 Nc5 12. f3 Nh5 13. g4 Ng3 14. Rh3 Nxe2+ 15. Ngxe2 f5 16. h5 f4 17. hxg6+ Kxg6 18. Bf2 Bf6 19. Kc2 Bd7 20. Nc1 Na4 21. Nd3 Nxc3 22. Qxc3 b5 23. Kd2 c5 24. dxc6 Bxc6 25. c5 b4 26. Qc2 Kg7 27. cxd6 Rc8 28. Rc1 Bb7 29. Bc5 Rf7 30. Qc4 Rc6 31. Rch1 Bg5 32. Qe6 Rf6 33. Qxe5 Ba6 34. Rc1 Bxd3 35. Kxd3 Kg6 36. Rhh1 Qd7 37. Ke2 Rc8 38. Bd4 Rxc1 39. Rxc1 Rxd6 40. Qf5+ Qxf5 41. gxf5+ Kf7 42. Rc7+ Ke8 43. Bc5 Rd7 44. Rc8+ Kf7 45. e5 Rd5 46. Bd6 Bf6 47. Rf8+ Kg7 48. Rxf6 1-0

[Event "RUS-chT Rapid Men 2018"]
[Site "Sochi"]
[Date "2018.10.08"]
[Round "2"]
[White "Shkurkin, Andrey"]
[Black "Kuzmin, Roman"]
[Result "1-0"]
[ECO "D90"]
[WhiteElo "2201"]
[BlackElo "2127"]
[Annotator "NA"]
[PlyCount "41"]
[EventDate "2018.10.05"]
[EventType "swiss"]
[EventCountry "RUS"]
[SourceTitle "playchess.com"]
[Source "ChessBase"]
[SourceQuality "1"]
[TimeControl "900+10"]

1. d4 Nf6 2. c4 g6 3. Nc3 d5 4. Nf3 Bg7 5. cxd5 Nxd5 6. Bg5 O-O 7. Rc1 Nxc3 8. bxc3 c5 9. e3 cxd4 10. cxd4 Bg4 11. Bh4 Qa5+ 12. Qd2 Qh5 13. Bxe7 Re8 14. Rc5 f5 15. Bc4+ Kh8 16. Ne5 Bxe5 17. dxe5 Rf8 18. Bf6+ Rxf6 19. Qd8+ Kg7 20. Qxf6+ Kh6 21. Qf8+ 1-0

[Event "RUS-chT Rapid Men 2018"]
[Site "Sochi"]
[Date "2018.10.08"]
[Round "2"]
[White "Okun, Evgeny"]
[Black "Terzyan, Nazar"]
[Result "1/2-1/2"]
[ECO "A00"]
[WhiteElo "2163"]
[BlackElo "1757"]
[Annotator "NA"]
[PlyCount "89"]
[EventDate "2018.10.05"]
[EventType "swiss"]
[EventCountry "RUS"]
[SourceTitle "playchess.com"]
[Source "ChessBase"]
[SourceQuality "1"]
[TimeControl "900+10"]

1. g3 Nf6 2. Bg2 d5 3. f4 e6 4. Nf3 Bd6 5. d3 b6 6. O-O Nbd7 7. e4 dxe4 8. dxe4 Bc5+ 9. Kh1 Nxe4 10. Ng5 Nxg5 11. Bxa8 Nh3 12. Kg2 Ba6 13. Bc6 Bxf1+ 14. Qxf1 Nf2 15. b4 Qf6 16. c3 Bxb4 17. Qb5 O-O 18. Bxd7 Bxc3 19. Nxc3 Qxc3 20. Qb2 Qc5 21. Qxf2 Qd5+ 22. Kg1 Qd1+ 23. Kg2 Qd5+ 24. Qf3 Qxd7 25. Bb2 Qd2+ 26. Qf2 Rd8 27. Rf1 Qd5+ 28. Qf3 Qxa2 29. Rf2 Qc4 30. Qg4 Qe4+ 31. Kg1 Qb1+ 32. Kg2 Qe4+ 33. Kg1 Qb1+ 34. Kg2 Qe4+ 35. Kh3 g6 36. Qf3 Qf5+ 37. Kg2 f6 38. Qc3 Qe4+ 39. Kh3 Qf5+ 40. Kg2 Qe4+ 41. Rf3 Qe2+ 42. Rf2 Qe4+ 43. Qf3 Qxf3+ 44. Kxf3 Kf7 45. Ke4 1/2-1/2

[Event "RUS-chT Rapid Men 2018"]
[Site "Sochi"]
[Date "2018.10.08"]
[Round "2"]
[White "Garifullina, Leya"]
[Black "Shariyazdanov, Andrey"]
[Result "1-0"]
[ECO "B06"]
[WhiteElo "2106"]
[BlackElo "2526"]
[Annotator "ChessBase"]
[PlyCount "71"]
[EventDate "2018.10.05"]
[EventType "swiss"]
[EventCountry "RUS"]
[SourceTitle "playchess.com"]
[Source "ChessBase"]
[SourceQuality "1"]
[TimeControl "900+10"]

1. e4 g6 2. d4 Bg7 3. Nc3 d6 4. Be3 Nd7 5. h4 Ngf6 6. f3 e5 7. d5 Nh5 8. Nge2 f5 9. Qd2 Ndf6 10. exf5 gxf5 11. O-O-O f4 12. Bf2 Bf5 13. g4 fxg3 14. Nxg3 Nxg3 15. Bxg3 Nh5 16. Bf2 Qf6 17. Bb5+ Kf7 18. Be3 Nf4 19. Ne4 Bxe4 20. fxe4 Bh6 21. Kb1 a6 22. Bd7 Ke7 23. Bf5 Rag8 24. Qc3 Kd8 25. Qb3 b6 26. Qc4 Rg3 27. Bc1 a5 28. Qa6 Ke8 29. Qb5+ Kf7 30. Rhg1 Rxg1 31. Rxg1 Qe7 32. Bxf4 Bxf4 33. Be6+ Kf6 34. Qc4 Qd8 35. Qc3 Re8 36. Qh3 1-0

[Event "RUS-chT Rapid Men 2018"]
[Site "Sochi"]
[Date "2018.10.08"]
[Round "2"]
[White "Grigoriants, Boris"]
[Black "Riazhskih, Vitaly"]
[Result "0-1"]
[ECO "B40"]
[WhiteElo "1914"]
[BlackElo "2165"]
[Annotator "NA"]
[PlyCount "70"]
[EventDate "2018.10.05"]
[EventType "swiss"]
[EventCountry "RUS"]
[SourceTitle "playchess.com"]
[Source "ChessBase"]
[SourceQuality "1"]
[TimeControl "900+10"]

1. e4 c5 2. Nf3 e6 3. d3 Nc6 4. Nbd2 g6 5. g3 Bg7 6. Bg2 Nge7 7. O-O O-O 8. c3 d6 9. a4 Rb8 10. Nb3 b6 11. d4 cxd4 12. Nbxd4 Bb7 13. Re1 a6 14. Bg5 Nxd4 15. Nxd4 h6 16. Be3 e5 17. Nc2 d5 18. Qd2 dxe4 19. Bxh6 Qxd2 20. Bxd2 f5 21. c4 Nc6 22. a5 bxa5 23. Bxa5 Nxa5 24. Rxa5 Rfd8 25. Nb4 Rd2 26. b3 e3 27. Rxe3 Bxg2 28. Kxg2 Rxb4 29. Rxa6 e4 30. Rxg6 Kf7 31. Ra6 Bd4 32. Re1 Rxf2+ 33. Kh3 Rb8 34. Rh6 Rxb3 35. Rd1 Rbb2 0-1

[Event "RUS-chT Rapid Men 2018"]
[Site "Sochi"]
[Date "2018.10.08"]
[Round "2"]
[White "Babayan, Arman S."]
[Black "Kostin, Alexey"]
[Result "1-0"]
[ECO "A16"]
[WhiteElo "1673"]
[BlackElo "2253"]
[Annotator "NA"]
[PlyCount "117"]
[EventDate "2018.10.05"]
[EventType "swiss"]
[EventCountry "RUS"]
[SourceTitle "playchess.com"]
[Source "ChessBase"]
[SourceQuality "1"]
[TimeControl "900+10"]

1. c4 Nf6 2. Nc3 c5 3. Nf3 e6 4. e3 Be7 5. Be2 b6 6. O-O Bb7 7. b3 O-O 8. Bb2 d6 9. d4 cxd4 10. exd4 d5 11. Rc1 Nbd7 12. Qc2 Rc8 13. cxd5 Nxd5 14. Qd2 Bb4 15. a3 Nxc3 16. Bxc3 Bxa3 17. Ra1 Bd6 18. Rxa7 Bxf3 19. Bxf3 Rxc3 20. Qxc3 Nf6 21. Ra8 Bb8 22. Rc1 h6 23. Kh1 Nh7 24. g3 Qg5 25. Qe3 Qf6 26. d5 Ng5 27. Bg2 e5 28. h4 Nh7 29. Rc6 Qf5 30. Qxb6 Nf6 31. Rxf6 Qxf6 32. Rxb8 Rxb8 33. Qxb8+ Kh7 34. Qa7 g5 35. h5 Kg7 36. Qe3 Qd6 37. b4 f5 38. Qc5 Qf6 39. Qc7+ Kf8 40. Qc8+ Ke7 41. Qc7+ Kf8 42. d6 Qf7 43. d7 Qxh5+ 44. Kg1 Qd1+ 45. Bf1 Ke7 46. Qxe5+ Kxd7 47. Qxf5+ Ke7 48. Qh7+ Kf6 49. Qxh6+ Kf5 50. Qf8+ Kg4 51. Qc8+ Kh5 52. b5 Qb1 53. Qe8+ Kh6 54. Qe6+ Kh5 55. b6 g4 56. Qf7+ Kh6 57. b7 Qb6 58. Qf8+ Kh7 59. b8=Q 1-0